 Dungeon Crawl Stone Soup version 0.32-a0-422-g28b100f618 (webtiles) character file.

Game seed: 18103507120748283445

163 pascalblue the Magician (level 5, -2/28 HPs)
             Began as a Deep Elf Alchemist on Feb 21, 2024.
             Slain by a black bear (6 damage)
             ... on level 3 of the Dungeon.
             The game lasted 00:08:40 (1495 turns).

pascalblue the Magician (Deep Elf Alchemist)        Turns: 1495, Time: 00:08:42

Health: -2/28      AC:  2    Str:  5    XL:     5   Next: 20%
Magic:  10/14      EV: 13    Int: 22    God:
Gold:   116        SH:  0    Dex: 15    Spells: 3/13 levels left

rFire   . . .        d - +0 dagger
rCold   . . .        (no shield)
rNeg    . . .        a - +0 robe
rPois   .            (no helmet)
rElec   .            (no cloak)
rCorr   .            (no gloves)
SInv    .            (no boots)
Will    .....        (no amulet)
Stlth   ++           (no ring)
HPRegen 0.24/turn    (no ring)
MPRegen 0.14/turn

%: no passive effects
@: no status effects
A: no striking features
a: no special abilities


You were on level 3 of the Dungeon.
You visited 1 branch of the dungeon, and saw 3 of its levels.

You collected 116 gold pieces.

Inventory:

Hand Weapons
 d - a +0 dagger (weapon)
Armour
 a - a +0 robe (worn)
Scrolls
 e - a scroll of revelation
 g - a scroll of amnesia
 h - a scroll of enchant armour {unknown}
Potions
 b - a potion of magic
 c - a potion of lignification {unknown}
 f - a potion of mutation {unknown}
 i - a potion of resistance {unknown}
 m - a potion of degeneration {unknown}


   Skills:
 - Level 3.0 Dodging
 - Level 3.0 Stealth
 * Level 4.8 Spellcasting
 + Level 2.6 Conjurations
 + Level 0.0 Fire Magic
 + Level 1.5 Air Magic
 + Level 4.1 Alchemy


You had 3 spell levels left.
You knew the following spells:

 Your Spells              Type           Power      Damage    Failure   Level
a - Sting                 Conj/Alch      80%        1d8       2%          1
b - Mephitic Cloud        Conj/Alch/Air  17%        N/A       10%         3
c - Mercury Vapours       Alch/Air       34%        N/A       4%          2
d - Sticky Flame          Fire/Alch      14%        2d5       41%         4

Your spell library contained the following spells:

 Spells                   Type           Power      Damage    Failure   Level
 Olgreb's Toxic Radiance  Alch           23%        N/A       19%         4


Dungeon Overview and Level Annotations

Branches:
Dungeon (3/15)

Altars:

Shops:
D:3 !


Message History

Press: ? - help, Shift-Dir - straight line, f/p - black bear
Aim: a black bear (moderately wounded, 82% to hit)
The sting hits the black bear.
The black bear is poisoned.
The black bear is heavily wounded.
Casting: Sting (safe; 2% risk of failure)
Confirm with . or Enter, or press ? or * to list all spells.
Aiming: Sting (safe; 2% risk of failure)
Press: ? - help, Shift-Dir - straight line, f/p - black bear
Aim: a black bear (heavily wounded, poisoned, 82% to hit)
The sting hits the black bear.
The black bear looks even sicker.
The black bear is heavily wounded.
The black bear attacks as it pursues you!
The black bear barely misses you. The black bear claws you.
The black bear barely misses you.
Found 10 gold pieces.
Found Evaesu Vamu's Distillery.
The kobold throws a stone.
The stone barely misses you.
The black bear goes berserk!
Casting: Sting (safe; 2% risk of failure)
Confirm with . or Enter, or press ? or * to list all spells.
Aiming: Sting (safe; 2% risk of failure)
Press: ? - help, Shift-Dir - straight line, f/p - black bear
Aim: a black bear (almost dead, berserk, poisoned, 82% to hit)
The sting hits the black bear but does no damage.
The black bear looks even sicker.
The black bear is almost dead.
The black bear barely misses you. x2; The black bear claws you.
The black bear attacks as it pursues you!
The black bear bites you. The black bear closely misses you.
The black bear misses you.
The black bear bites you but does no damage.
The black bear claws you. The black bear closely misses you.
The black bear closely misses you. The black bear barely misses you.
The black bear claws you.
The black bear attacks as it pursues you!
The black bear barely misses you. The black bear closely misses you.
The black bear claws you. The black bear closely misses you.
The black bear claws you.
* * * LOW HITPOINT WARNING * * *
The black bear claws you.
You die...

####...#.'''''..#...............
#...#.''_''..#........######.
#.....'''''...........# #.
#...#.'''''#.#.....##########
####...###....#.#....# #......
.............†##)#....## #......
.∩$............K.......# #....<.
..#####.########h#.....# #......
. .... #@#.....# ###.### ..##.##
##.#.....# #.# ## ...
..........# #.# ... ###.##....#
#.### ### #.#####.# #.... #.#
#.# #.### #.# #.# #.# #.# #.#
#.# #.#####.######.#


You could see a black bear (berserk, poisoned) and a kobold.

Vanquished Creatures
  An ogre (D:3)
  3 adders
  5 bats
  An endoplasm (D:2)
  A giant cockroach (D:1)
  4 goblins
  3 hobgoblins
  3 kobolds
  2 quokkas (D:2)
  5 ball pythons
  3 rats
31 creatures vanquished.

Notes
Turn   | Place    | Note
-------+----------+-------------------------------------------
     0 | D:1      | pascalblue the Deep Elf Alchemist began the quest for the
                  | Orb.
     0 | D:1      | Reached XP level 1. HP: 10/10 MP: 6/6
   119 | D:1      | Reached XP level 2. HP: 15/15 MP: 6/8
   738 | D:2      | Reached XP level 3. HP: 18/19 MP: 4/9
   742 | D:2      | Learned a level 3 spell: Mephitic Cloud
   746 | D:2      | Learned a level 2 spell: Mercury Vapours
  1283 | D:3      | Noticed an ogre
  1313 | D:3      | Killed an ogre
  1314 | D:3      | Reached skill level 1 in Air Magic
  1314 | D:3      | Reached XP level 4. HP: 24/24 MP: 10/12
  1314 | D:3      | Reached XP level 5. HP: 28/28 MP: 11/14
  1369 | D:3      | Learned a level 4 spell: Sticky Flame
  1441 | D:3      | Found a faded altar of an unknown god.
  1463 | D:3      | Noticed a black bear
  1483 | D:3      | Found Evaesu Vamu's Distillery.
  1495 | D:3      | Slain by a black bear

Illustrated notes

Levels and vault maps discovered:
D:1:      dpeg_arrival_yet_another_circle, layout_loops_cross
D:2:      layout_rooms
D:3:      layout_basic, serial_shops, shop,
          hellmonk_ecumenical_altar_heavens_door

Skill      XL: |  1  2  3 |
---------------+----------+-----
Stealth        | 3 |  3.0
Dodging        | 3 |  3.0
Conjurations   | 2 |  2.6
Spellcasting   | 4 |  4.8
Air Magic      | 1 |  1.5
Alchemy        | 4 |  4.1

Action                     |  1- 3 |  4- 6 || total
---------------------------+-------+-------++-------
  Melee: Unarmed           |     1 |       ||     1
         Dagger            |     4 |     2 ||     6
   Cast: Sting             |    40 |     6 ||    46
         Mephitic Cloud    |       |     1 ||     1
    Use: Scroll            |     7 |       ||     7
 Armour: Robe              |     8 |     9 ||    17
  Dodge: Dodged            |    16 |    15 ||    31

Table legend: (Time is in decaauts)
 A = Elapsed time spent in this place.
 B = Non-inter-level travel time spent in this place.
 C = Inter-level travel time spent in this place.
 D = Time resting spent in this place.
 E = Time spent auto-exploring this place.
 F = Levels seen in this place.
 G = Mean time per level.
                   A        B        C        D        E       F      G
               +--------+--------+--------+--------+--------+-----+--------+
         Total |   1494 |   1443 |     51 |      0 |   1130 |   3 |  498.0 |
       Dungeon |   1494 |   1443 |     51 |      0 |   1130 |   3 |  498.0 |
               +--------+--------+--------+--------+--------+-----+--------+

Top non-repeatable levels by time:
     D:1: 730 daAuts
     D:2: 516 daAuts
     D:3: 246 daAuts
